 Dungeon Crawl Stone Soup version 0.18.1-50-g88ac8fd (webtiles) character file.

1828 Dioneo the Caller (level 9, -4/68 HPs)
             Began as a Human Wizard on Oct 12, 2016.
             Was a Priest of Sif Muna.
             Slain by a centaur (8 damage)
             ... on level 7 of the Dungeon.
             The game lasted 00:45:30 (10266 turns).

Dioneo the Caller (Human Wizard)                   Turns: 10266, Time: 00:45:30

Health: -4/68      AC:  2    Str:  8    XL:     9   Next: 32%
Magic:  8/15       EV: 12    Int: 21    God:    Sif Muna [***...]
Gold:   313        SH:  0    Dex: 12    Spells: 6 memorised, 3 levels left

rFire  . . .     SeeInvis .     x - +1 dagger (venom)
rCold  + . .     Gourm    .     A - +0 robe {MR+}
rNeg   . . .     Faith    +     (no shield)
rPois  .         Spirit   .     b - +0 hat
rElec  .         Dismiss  .     (no cloak)
rCorr  .         Reflect  .     (no gloves)
SustAt .         Harm     .     (no boots)
MR     +....                    k - amulet of faith
Stlth  +.........               (no ring)
                                p - ring of protection from cold

@: confused, lethally poisoned (-4 -> -4), repel missiles, somewhat resistant to
hostile enchantments, very unstealthy
A: no striking features
a: Channel Energy, Renounce Religion


You were on level 7 of the Dungeon.
You worshipped Sif Muna.
Sif Muna was most pleased with you.
You were not hungry.

You visited 1 branch of the dungeon, and saw 7 of its levels.

You collected 420 gold pieces.
You spent 107 gold pieces at shops.

Inventory:

Hand Weapons
 i - a +0 dagger of freezing
 o - a +1 dagger of flaming
 s - a +0 quarterstaff
 x - a +1 dagger of venom (weapon)
 y - a +1 whip of pain
Armour
 b - a +0 hat (worn)
 A - a +0 robe of magic resistance (worn)
Jewellery
 k - an amulet of faith (around neck)
 m - an uncursed amulet of guardian spirit {unknown}
 p - a ring of protection from cold (left hand)
Wands
 a - a wand of iceblast (6/15)
 r - a wand of random effects (15/48)
 w - a wand of hasting (3/9)
 z - a wand of disintegration (20/24)
 D - a wand of flame (22/48)
Scrolls
 e - a scroll of enchant weapon
 j - a scroll of enchant armour
 q - a scroll of fog
 t - a scroll of remove curse
Potions
 f - a potion of flight
 g - a potion of brilliance
 h - a potion of degeneration
 l - a potion of cancellation {unknown}
 n - a potion of might
Books
 c - a book of Minor Magic

   Spells                             Type                      Level
   a - Magic Dart                     Conjuration                  1
   b - Blink                          Translocation                2
   c - Call Imp                       Summoning                    2
   d - Repel Missiles                 Charms/Air                   2
   e - Slow                           Hexes                        2
   f - Conjure Flame                  Conjuration/Fire             3
   g - Mephitic Cloud                 Conjuration/Poison/Air       3
 C - a book of Battle

   Spells                             Type                      Level
   a - Infusion                       Charms                       1
   b - Shroud of Golubria             Charms/Translocation         2
   c - Song of Slaying                Charms                       2
   d - Spectral Weapon                Hexes/Charms                 3
   e - Regeneration                   Charms/Necromancy            3
Comestibles
 d - 2 bread rations
 u - 3 fruits
 B - 2 chunks of flesh


   Skills:
 + Level 5.5 Fighting
 - Level 2.0 Dodging
 - Level 2.0 Stealth
 - Level 4.1 Spellcasting
 + Level 5.6 Conjurations
 + Level 5.8 Summonings
 + Level 4.8 Translocations


You had 3 spell levels left.
You knew the following spells:

 Your Spells              Type           Power        Failure   Level  Hunger
a - Magic Dart            Conj           ####         1%          1    None
b - Call Imp              Summ           ####....     1%          2    #......
c - Repel Missiles        Chrm/Air       #.....       17%         2    #......
d - Conjure Flame         Conj/Fire      ###.....     14%         3    ###....
e - Mephitic Cloud        Conj/Pois/Air  ##......     21%         3    ###....
f - Blink                 Tloc           N/A          2%          2    #......


Dungeon Overview and Level Annotations

Branches:
Dungeon (7/15)             Temple (0/1) D:6

Altars:
Ashenzari
Cheibriados
Dithmenos
Elyvilon
Gozag
Makhleb
Okawaru
Qazlal
Sif Muna
Trog
Vehumet
Xom
Zin

Shops:
D:6 [

Annotations:
D:2 exclusion: door


Message History

You feel sick.
You hit the centaur but do no damage.
The centaur is poisoned.
The centaur unwields an uncursed shortbow.
The centaur barely misses you. The centaur hits you!
* * * LOW HITPOINT WARNING * * *
You hit the centaur.
The centaur is lightly wounded.
The centaur hits you!
* * * LOW HITPOINT WARNING * * *
Casting: Mephitic Cloud
Confirm with . or Enter, or press ? or * to list all spells.
Okay, then.
Read which item? (? for menu, Esc to quit)
Okay, then.
Drink which item? (? for menu, Esc to quit)
You are confused.
You feel invigorated.
You feel sick. The centaur hits you!
* * * LOW HITPOINT WARNING * * *
The centaur hits you!
You die...

######### #.......#
#####)).÷...#
.c...>..(.)...####
.#####........#..#
##.<.....#@.#
#....)..#c.#
#........5.##### #
...###....(.#.....#..
#........(..$.......#
#..#...†(............
# #.................
.#................#
...................#


You could see a centaur and a friendly crimson imp.

Vanquished Creatures
  A water moccasin (D:2)
  An orc warrior (D:7)
  An ogre (D:5)
  A scorpion (D:7)
  3 killer bees
  2 giant frog skeletons
  3 hounds
  An orc priest (D:7)
  An iguana (D:7)
  A worker ant (D:6)
  2 worker ant zombies
  7 adders
  A shadow imp (D:7)
  An adder skeleton (D:5)
  A worm (D:4)
  A dart slug (D:3)
  2 giant geckos (D:2)
  9 orcs
  6 bats
  4 giant cockroaches
  7 goblins
  7 hobgoblins
  3 quokkas
  8 giant newts
  2 kobolds
  A quokka zombie (D:5)
  5 rats
82 creatures vanquished.

Vanquished Creatures (collateral kills)
  Grinder (D:5)
  The ghost of Timinator the Skirmisher, an amateur DsFi (D:4)
  Menkaure (D:6)
  An ice beast (D:4)
  An orc warrior (D:7)
  A sky beast (D:6)
  An ogre (D:5)
  A phantom (D:6)
  A centaur (D:5)
  A giant frog (D:6)
  A scorpion (D:3)
  A killer bee (D:6)
  A crimson imp (D:5)
  A howler monkey (D:5)
  A giant frog zombie (D:6)
  4 hounds
  2 orc priests (D:3)
  3 orc wizards
  5 worker ants
  4 adders
  A shadow imp (D:5)
  2 oozes
  5 worms
  A dart slug (D:1)
  A giant gecko (D:3)
  24 orcs
  A giant cockroach (D:2)
  4 hobgoblins
  2 kobolds (D:2)
  3 quokkas
  A bat (D:2)
  A giant gecko skeleton (D:7)
  2 goblins (D:2)
  2 rats
  A butterfly (D:3)
84 creatures vanquished.

Vanquished Creatures (others)
  An orc wizard (D:6)
1 creature vanquished.

Grand Total: 167 creatures vanquished

Notes
Turn   | Place    | Note
--------------------------------------------------------------
     0 | D:1      | Dioneo the Human Wizard began the quest for the Orb.
     0 | D:1      | Reached XP level 1. HP: 13/13 MP: 4/4
   243 | D:1      | Reached XP level 2. HP: 20/20 MP: 0/6
   298 | D:1      | Learned a level 2 spell: Call Imp
   301 | D:1      | Learned a level 2 spell: Repel Missiles
   770 | D:1      | Reached skill level 1 in Fighting
  1098 | D:1      | Reached XP level 3. HP: 26/26 MP: 5/7
  1511 | D:2      | Noticed a moth of wrath
  1513 | D:2      | Found a bloodstained altar of Trog.
  1730 | D:2      | Found a shattered altar of Ashenzari.
  1908 | D:2      | Found a glowing silver altar of Zin.
  1938 | D:2      | Found a deep blue altar of Sif Muna.
  1946 | D:2      | Became a worshipper of Sif Muna the Loreminder
  2216 | D:2      | Reached XP level 4. HP: 32/32 MP: 3/8
  2596 | D:2      | Found an iron altar of Okawaru.
  2621 | D:2      | Learned a level 3 spell: Conjure Flame
  2650 | D:3      | Found a shimmering altar of Xom.
  2799 | D:3      | Noticed a water moccasin
  2969 | D:3      | Found a burning altar of Makhleb.
  3126 | D:3      | Reached XP level 5. HP: 38/38 MP: 4/10
  3189 | D:3      | Learned a level 3 spell: Mephitic Cloud
  3207 | D:3      | Found a radiant altar of Vehumet.
  3208 | D:3      | Found a white marble altar of Elyvilon.
  3274 | D:3      | Found a burning altar of Makhleb.
  3298 | D:3      | Found a stormy altar of Qazlal.
  3787 | D:2      | Killed a water moccasin
  3787 | D:2      | Reached XP level 6. HP: 19/46 MP: 0/11
  4216 | D:4      | Noticed Timinator's ghost (amateur DsFi)
  5099 | D:4      | Learned a level 2 spell: Blink
  5110 | D:4      | Found a shadowy altar of Dithmenos.
  5528 | D:4      | Reached XP level 7. HP: 52/52 MP: 8/13
  5533 | D:4      | Reached * piety under Sif Muna
  5809 | D:4      | Killed Timinator's ghost
  6284 | D:5      | Entered Level 5 of the Dungeon
  6534 | D:5      | Noticed Grinder
  6562 | D:5      | Paralysed by Grinder for 6 turns
  6571 | D:5      | Killed Grinder
  6571 | D:5      | Reached XP level 8. HP: 38/60 MP: 4/14
  7514 | D:5      | Reached ** piety under Sif Muna
  7605 | D:5      | Found a snail-covered altar of Cheibriados.
  7813 | D:5      | Found an opulent altar of Gozag.
  7816 | D:5      | Found an iron altar of Okawaru.
  8669 | D:6      | Found a staircase to the Ecumenical Temple.
  8728 | D:6      | Found Dyvvuaho's Armour Shoppe.
  8736 | D:6      | Bought a +0 robe of magic resistance for 107 gold pieces
  8813 | D:6      | Noticed Menkaure
  8836 | D:6      | HP: 3/61 [Menkaure (5)]
  8849 | D:6      | HP: 3/61 [??? (1)]
  8889 | D:6      | Killed Menkaure
  9289 | D:6      | Reached skill level 5 in Fighting
  9289 | D:6      | Reached skill level 5 in Summonings
  9499 | D:7      | Reached skill level 5 in Conjurations
  9610 | D:6      | Reached XP level 9. HP: 40/68 MP: 8/15
 10147 | D:7      | Reached *** piety under Sif Muna
 10266 | D:7      | Slain by a centaur

Skill      XL: |  1  2  3  4  5  6  7  8 |
---------------+-------------------------+-----
Fighting       | 1 2 3 5 |  5.5
Conjurations   | 2 3 4 5 |  5.6
Summonings     | 2 3 4 5 |  5.8
Spellcasting   | 4 |  4.1
Translocations | 2 4 |  4.8
Dodging        | |  2.0
Stealth        | |  2.0

Action                   |  1- 3 |  4- 6 |  7- 9 || total
-------------------------+-------+-------+-------++-------
Melee: Dagger            |    51 |    81 |   198 ||   330
 Cast: Magic Dart        |    50 |    54 |    68 ||   172
       Call Imp          |    11 |    56 |    86 ||   153
       Repel Missiles    |     1 |       |     2 ||     3
       Conjure Flame     |       |     1 |     1 ||     2
       Mephitic Cloud    |       |       |     8 ||     8
       Blink             |       |       |     3 ||     3
Evoke: Wand              |       |       |     1 ||     1
  Use: Potion            |       |     4 |     4 ||     8
       Scroll            |       |     3 |    12 ||    15
 Stab: Distracted        |       |       |     4 ||     4
       Sleeping          |       |       |     1 ||     1
       Confused          |       |       |     1 ||     1
  Eat: Chunk             |     4 |     7 |     7 ||    18
       Meat ration       |       |     1 |     1 ||     2
       Bread ration      |       |       |     1 ||     1
       Beef jerky        |       |       |     1 ||     1
Armor: Robe              |    10 |    15 |    32 ||    57
Dodge: Dodged            |    42 |    93 |   150 ||   285
       Deflected         |       |     4 |     5 ||     9
